 BcadrenCrawl: Boulder Brew version 0.03.2.1-26-g6dd6cd2cfd (webtiles) character file.

Game seed: 4081116608846502279, levelgen mode: deterministic

146 Cadaver the Whippersnapper (level 5, 42/42 HPs) Demigod. Began on Nov 8, 2020. Got out of the dungeon alive. The game lasted 00:09:03 (1615 turns).

Cadaver the Whippersnapper (Human Demigod)          Turns: 1615, Time: 00:09:04

Health: 42/42      AC:  4    Str: 15    XL:     5 ^: 60
Magic:  9/9        EV:  6    Int: 17    God:
Gold:   23         SH:  0    Dex: 15    Spells: 3/9 levels left

rFire    . . .     Vision   .   a - +0 flail
rCold    . . .     Gourm    .   (no weapon)
rNeg     . . .     Faith    .   b - +0 leather armour
rPois    .         Spirit   .   (no helmet)
rElec    .         Reflect  .   g - +0 cloak
rCorr    .         Harm     .   (no gloves)
MR       .....                  (no boots)
Stlth    +++.......             (no amulet)
HPRegen  0.24/turn              i - ring of stealth
MPRegen  0.19/turn              (no ring)

@: no status effects
A: high mp 1
a: no special abilities


You escaped.
You were not hungry.

You visited 1 branch of the dungeon, and saw 2 of its levels.

You collected 23 gold pieces.

Inventory:

Weapons
 a - a +0 flail (weapon)
 l - a +0 whip
Armour
 b - a +0 leather armour (worn)
 g - a +0 cloak (worn)
Jewellery
 i - a ring of stealth (left hand)
Wands
 k - a wand of random effects (19)
Scrolls
 e - a scroll of bless item
 h - a scroll of amnesia
Potions
 c - a potion of cancellation
 j - a potion of curing
Comestibles
 d - 5 rations
 f - a chunk of flesh


   Skills:
 + Level 2.4 Fighting
 + Level 3.1 Whips & Flails
 + Level 0.8 Armour
 - Level 3.0 Dodging
 - Level 2.0 Stealth
 + Level 0.9 Unarmed Combat
 + Level 2.5 Spellcasting
 * Level 1.9 Fire Magic


You had 3 spell levels left.
You knew the following spells:

 Your Spells              Type           Power        Failure   Level  Hunger
a - Flame Tongue          Fire           8 (30)       9%          1    #......
b - Blink                 Tloc           N/A          30%         2    ##.....
c - Conjure Flame         Fire           8 (100)      26%         3    ###....

Your spell library contained the following spells:

 Spells                   Type           Power        Failure   Level  Hunger
 Call Imp                 Summ           2 (100)      30%         2    ##.....
 Slow                     Hex            2 (100)      30%         2    ##.....
 Mephitic Cloud           Pois/Air       2 (100)      52%         3    ###....


Dungeon Overview and Level Annotations

Branches:
Dungeon (2/8)


Innate Abilities, Weirdness & Mutations

You have an increased reservoir of magic. (+10% MP)


Message History

Eat one of 3 chunks of flesh? (ye/n/q)
You eat one of the 3 chunks of flesh.
This raw flesh tastes terrible.
You start resting.
Magic restored.
Saving game... please wait.
Welcome back, Cadaver the Human Demigod.
Press ? for a list of commands and other information.
You enter the shallow water.
Moving in this stuff is going to be slow.
You see here a sewer rat corpse.
There is an open door here.
You see here a sewer rat corpse.
Things that are here:
a +0 club x2
Some of the chunks of flesh in your inventory have rotted away.
There is an open door here.
There is an open door here.
There is a staircase leading out of the dungeon here.
Are you sure you want to leave the Dungeon?
This will make you lose the game!
You have escaped!

##### ######.@.######
###.............### ###
#.................### #..
▓.................'.####.#
#.................#.......
###.............######...#
###.........### ##...#
###.....### #####.....
###.........###........#


There were no monsters in sight!

Vanquished Creatures
  2 giant cockroaches
  An adder (D:2)
  A gnoll (D:1)
  2 sewer rats (D:1)
  6 cinder newts
  A worm (D:2)
  An ooze (D:2)
  A dart slug (D:1)
  A ball python (D:1)
  8 bats (D:1)
  5 hobgoblins (D:1)
  A kobold (D:1)
  3 goblins (D:1)
  3 rats (D:1)
36 creatures vanquished.

Vanquished Creatures (others)
  A sewer rat (D:2)
  33 withered plants (D:2)
34 creatures vanquished.

Grand Total: 70 creatures vanquished

Notes
Turn   | Place    | Note
-------+----------+-------------------------------------------
     0 | D:1      | Cadaver the Human Demigod began the quest for the Orb.
     0 | D:1      | Reached XP level 1. HP: 17/17 MP: 3/3
   104 | D:1      | Reached XP level 2. HP: 24/24 MP: 5/5
   222 | D:1      | Reached skill level 1 in Fire Magic
   368 | D:1      | Learned a level 2 spell: Blink
   617 | D:1      | Reached XP level 3. HP: 20/29 MP: 7/7
   625 | D:1      | Learned a level 3 spell: Conjure Flame
   871 | D:1      | Reached XP level 4. HP: 36/36 MP: 2/8
  1325 | D:2      | Reached XP level 5. HP: 41/42 MP: 9/9
  1536 | D:1      | Upgraded the game from 0.02-195-g79a12fe00a to
                  | 0.03.2.1-26-g6dd6cd2cfd
  1615 | D:$      | Got out of the dungeon alive.

Levels and vault maps discovered:
D:1:      nzn_arrival_depleted_hourglass, layout_loops_corners,
          minmay_misc_feat_cross, dk_noncrumbling_4
D:2:      layout_sewer, tgw_trog, xom_redecorated

Skill      XL: |  1  2  3  4  5 |
---------------+----------------+-----
Fire Magic     | 1 |  1.9
Whips & Flails | 3 |  3.1
Fighting       | |  2.4
Armour         | |  0.8
Dodging        | |  3.0
Stealth        | |  2.0
Unarmed Combat | |  0.9
Spellcasting   | |  2.5

Action                   |  1- 3 |  4- 6 || total
-------------------------+-------+-------++-------
Melee: Flail             |    38 |    40 ||    78
       Unarmed           |    26 |    29 ||    55
 Cast: Flame Tongue      |    12 |    13 ||    25
 Stab: Sleeping          |     1 |     1 ||     2
  Eat: Chunk             |       |     3 ||     3
Armor: Leather armour    |    12 |     8 ||    20
Dodge: Dodged            |    41 |    36 ||    77
